 Dungeon Crawl Stone Soup version 0.31.0-9-g3a7656b989 (webtiles) character file.

Game seed: 6045603000778267539

157 qw the Skirmisher (level 5, -1/27 (29) HPs)
             Began as a Deep Elf Hunter on Feb 2, 2024.
             Slain by a wight
             ... wielding a +5 scimitar of freezing
              (4 damage)
             ... on level 4 of the Dungeon.
             The game lasted 00:00:06 (1941 turns).

qw the Skirmisher (Deep Elf Hunter)                 Turns: 1941, Time: 00:00:07

HP:   -1/27 (29)    AC:  7    Str:  5    XL:     5   Next: 15%
MP:   7/7           EV: 15    Int: 14    God:
Gold: 141           SH:  0    Dex: 24    Spells: 4/4 levels left

rFire   . . .        a - +1 shortbow
rCold   . . .        (shield currently unavailable)
rNeg    . . .        h - +0 ring mail
rPois   +            (no helmet)
rElec   .            d - +0 cloak
rCorr   .            (no gloves)
SInv    .            b - +0 pair of boots
Will    .....        c - amulet of regeneration
Stlth   +++          f - +6 ring of dexterity
HPRegen 1.04/turn    k - ring of the Bashing Messenger {rPois EV+5 Str-5 Slay+2 Stlth+}
MPRegen 0.10/turn

%: no passive effects
@: drained
A: no striking features
a: no special abilities


You were on level 4 of the Dungeon.
You visited 1 branch of the dungeon, and saw 4 of its levels.

You collected 141 gold pieces.


   Skills:
 - Level 1.5 Fighting
 + Level 8.6 Ranged Weapons
 - Level 2.4 Dodging
 - Level 1.2 Stealth


You had 4 spell levels left.
You didn't know any spells.
Your spell library was empty.

Inventory:

Hand Weapons
 a - a +1 shortbow (weapon)
Armour
 b - a +0 pair of boots (worn)
 d - a +0 cloak (worn)
 h - a +0 ring mail (worn)
Jewellery
 c - an amulet of regeneration (around neck)
 f - a +6 ring of dexterity (left hand)
 k - the ring of the Bashing Messenger (right hand) {rPois EV+5 Str-5 Slay+2 Stlth+}
   (You found it on level 2 of the Dungeon)

   [ring of evasion]

   EV+5:      It affects your evasion (+5).
   Str-5:     It affects your strength (-5).
   Slay+2:    It affects your accuracy & damage with ranged weapons and melee
   (+2).
   rPois:     It protects you from poison Stlth+: It makes you more stealthy.
Potions
 i - 4 potions of curing
 j - a potion of heal wounds {unknown}
 l - a potion of haste

Dungeon Overview and Level Annotations

Branches:
Dungeon (4/15)
 Temple: D:4-7

Altars:
Cheibriados
Hepliaklqana
Wu Jian


Message History

You climb downwards.
Found 3 gold pieces.
There is a stone staircase leading up here.
Waypoint 3 assigned to D:4.
An orc comes into view. It is wielding a +0 flail.
Found a sedimented clear potion and a robe.
Found a stone staircase leading down.
You shoot an arrow. The arrow hits the orc.
The orc shouts!
The orc is heavily wounded.
You shoot an arrow. The arrow hits the orc!
You kill the orc!
A wight comes into view. It is wielding a +3 falchion.
You shoot an arrow. The arrow hits the wight!
The wight is heavily damaged.
A wight comes into view.
It is wielding a +5 scimitar of freezing.
You shoot an arrow. The arrow hits the wight.
The wight is almost destroyed.
A wight comes into view. It is wielding a +0 spear.
The wight moves out of view.
A wight comes into view. It is wielding a +0 battleaxe.
1933 ||| RETREEEEATING.
1934 ||| RETREEEEATING.
1936 ||| RETREEEEATING.
You shoot an arrow. The arrow hits the wight.
The wight is almost destroyed.
You shoot an arrow. The arrow hits the wight!
You destroy the wight!
Your Ranged Weapons skill increases to level 8!
You have reached level 5!
You shoot an arrow. The arrow barely misses the wight.
You shoot an arrow. The arrow barely misses the wight.
The wight hits you with a +5 scimitar of freezing!
You feel drained. The wight freezes you.
You shoot an arrow. The arrow barely misses the wight.
The wight barely misses you.
The wight hits you with a +5 scimitar of freezing!
The wight freezes you. The wight misses you.
The wight hits you with a +5 scimitar of freezing.
You die...

#........
..)......
#####z.......
#............
..$.....[..
.#.####.........
.........!.>#
.##.###z###.#
.......z@...#
###.######.....#
....# ...# ..#
.# #


You could see 2 wights.

Vanquished Creatures
  A wight (D:4)
  4 gnolls (D:3)
  2 adders
  A dart slug (D:1)
  2 ribbon worms
  2 orcs
  3 bats (D:3)
  3 endoplasms (D:1)
  A giant cockroach (D:2)
  3 goblins
  4 hobgoblins
  A quokka (D:3)
  3 ball pythons
  3 frilled lizards
  3 kobolds
  5 rats
41 creatures vanquished.

Notes
Turn   | Place    | Note
-------+----------+-------------------------------------------
     0 | D:1      | qw the Deep Elf Hunter began the quest for the Orb.
     0 | D:1      | Reached XP level 1. HP: 12/12 MP: 3/3
     0 | D:1      | 0 ||| qw: Version: 0.3-a-155-g5e7d8dd
     0 | D:1      | 0 ||| qw: Game counter: 10
     0 | D:1      | 0 ||| qw: Melee chars always use a shield: true
     0 | D:1      | 0 ||| qw: God list: Okawaru
     0 | D:1      | 0 ||| qw: Allow faded altars: false
     0 | D:1      | 0 ||| qw: Do Orc after clearing Dungeon:15 true
     0 | D:1      | 0 ||| qw: Do second Lair branch before Depths: true
     0 | D:1      | 0 ||| qw: Lair rune preference: random
     0 | D:1      | 0 ||| qw: Goals: Normal
     0 | D:1      | 0 ||| PLANNING D:1-11
   192 | D:1      | Reached XP level 2. HP: 11/16 MP: 4/4
   260 | D:1      | Reached skill level 6 in Ranged Weapons
   604 | D:1      | 604 ||| UPGRADING to +0 scale mail.
   614 | D:1      | 614 ||| DROPPING +0 leather armour.
   615 | D:1      | 615 ||| UPGRADING to +0 ring mail.
   625 | D:1      | 625 ||| DROPPING +0 scale mail.
   626 | D:1      | 626 ||| UPGRADING to +6 ring of dexterity.
   627 | D:1      | 627 ||| READING scroll labelled EMMIREGAX.
   628 | D:1      | 628 ||| READING 2 scrolls labelled MEYFOHITZA.
   628 | D:1      | 628 ||| IDENTIFYING sedimented purple potion
   629 | D:1      | 629 ||| READING scroll of identify.
   629 | D:1      | 629 ||| IDENTIFYING metallic green potion
   630 | D:1      | 630 ||| READING scroll labelled OPEAWK WAVE.
   631 | D:1      | 631 ||| READING scroll labelled CAYSAM DAUNGU.
   660 | D:1      | 660 ||| DRINKING 2 glowing grey potions.
   661 | D:1      | 661 ||| DROPPING scroll of butterflies.
   662 | D:1      | 662 ||| DROPPING potion of lignification.
   848 | D:2      | Identified the ring of the Bashing Messenger {rPois EV+5
                  | Str-5 Slay+2 Stlth+}
   852 | D:2      | Found a snail-covered altar of Cheibriados.
   925 | D:2      | Reached XP level 3. HP: 11/20 MP: 5/5
  1330 | D:2      | 1330 ||| UPGRADING to amulet of regeneration.
  1335 | D:2      | 1335 ||| DROPPING amulet of regeneration.
  1336 | D:2      | 1336 ||| UPGRADING to ring of the Bashing Messenger {rPois
                  | EV+5 Str-5 Slay+2 Stlth+}.
  1337 | D:2      | 1337 ||| READING scroll labelled KAMYLYOCAR.
  1337 | D:2      | 1337 ||| ENCHANTING +0 shortbow.
  1338 | D:2      | 1338 ||| READING scroll labelled TEOR TOHIYNUSO.
  1339 | D:2      | 1339 ||| READING scroll labelled GOCUOCR MIGH.
  1391 | D:3      | Reached skill level 7 in Ranged Weapons
  1428 | D:3      | Found an ornate altar of the Wu Jian Council.
  1638 | D:3      | Reached XP level 4. HP: 24/25 MP: 6/6
  1708 | D:3      | Found a hazy altar of Hepliaklqana.
  1794 | D:3      | Found a faded altar of an unknown god.
  1904 | D:3      | 1904 ||| UPGRADING to +0 pair of boots.
  1909 | D:3      | 1909 ||| UPGRADING to +0 cloak.
  1933 | D:4      | 1933 ||| RETREEEEATING.
  1934 | D:4      | 1934 ||| RETREEEEATING.
  1936 | D:4      | 1936 ||| RETREEEEATING.
  1939 | D:4      | Reached skill level 8 in Ranged Weapons
  1939 | D:4      | Reached XP level 5. HP: 29/29 MP: 7/7
  1941 | D:4      | HP: 4/27 [wight/+5 scimitar of freezing (9)]
  1941 | D:4      | Slain by a wight

Levels and vault maps discovered:
D:1:      sevenhm_arrival_forest_fort_small_4, layout_loops_cross,
          minmay_pentomino_r4
D:2:      layout_loops_cross, basic_altar, hangedman_decor_peaks_small
D:3:      layout_basic, nzn_wu_jian_council_hall,
          worldfamousw_hep_ancestral_shrine, dilly_ecumenical_altar_fadedgnrine
D:4:      layout_basic, minmay_temple_entry_large_hall

Skill      XL: |  1  2  3  4 |
---------------+-------------+-----
Ranged Weapons | 6 7 8 |  8.6
Fighting       | |  1.5
Dodging        | |  2.4
Stealth        | |  1.2

Action                     |  1- 3 |  4- 6 || total
---------------------------+-------+-------++-------
   Fire: Shortbow          |    65 |    27 ||    92
    Use: Scroll            |     8 |       ||     8
         Potion            |     1 |       ||     1
 Armour: Leather armour    |     1 |       ||     1
         Ring mail         |     8 |     7 ||    15
  Dodge: Dodged            |     8 |     8 ||    16

Table legend:
 A = Non-vault XP
 B = Vault XP
 C = Vault XP percentage of total XP
 D = Non-vault monster count
 E = Vault monster count
 F = Vault count percentage of total count
                 A         B        C        D         E       F
            +---------+---------+-------+---------+---------+-------
      Total |     221 |       4 |   1.8 |      38 |       3 |   7.3
            +---------+---------+-------+---------+---------+-------
        D:1 |      20 |       4 |  16.7 |      12 |       3 |  20.0
        D:2 |      24 |       0 |   0.0 |       6 |       0 |   0.0
        D:3 |      96 |       0 |   0.0 |      18 |       0 |   0.0
        D:4 |      81 |       0 |   0.0 |       2 |       0 |   0.0
            +---------+---------+-------+---------+---------+-------
